 Dungeon Crawl Stone Soup version 0.19.1 (webtiles) character file.

1092 CakeIsGreat the Magician (level 8, -26/45 HPs)
             Began as a Gargoyle Earth Elementalist on Dec 21, 2016.
             Was a Believer of Vehumet.
             Killed from afar by a necrophage (33 damage)
             ... with an exploding inner flame
             ... hexed by the player character
             ... on level 5 of the Dungeon.
             The game lasted 00:13:45 (6782 turns).

CakeIsGreat the Magician (GrEE)                     Turns: 6782, Time: 00:13:46

Health: -26/45     AC: 11    Str: 12    XL:     8   Next: 31%
Magic:  9/17       EV: 12    Int: 18    God:    Vehumet [**....]
Gold:   271        SH:  3    Dex: 10    Spells: 3 memorised, 10 levels left

rFire  . . .     SeeInvis .     t - +0 whip
rCold  . . .     Gourm    .     c - +0 robe
rNeg   + . .     Faith    .     (no shield)
rPois  ∞         Spirit   .     (helmet restricted)
rElec  +         Reflect  +     y - +1 cloak
rCorr  .         Harm     .     (no gloves)
MR     .....                    (no boots)
Stlth  ++........               h - +3 amulet of reflection
                                (no ring)
                                (no ring)

@: no status effects
A: antennae 1, beak, icy blue scales 1, negative energy resistance 1,
electricity resistance, unbreathing, petrification resistance, rot immunity, AC
+5
a: Renounce Religion


You were on level 5 of the Dungeon.
You worshipped Vehumet.
Vehumet was pleased with you.
You were hungry.

You visited 2 branches of the dungeon, and saw 6 of its levels.
You also visited: Sewer.

You collected 271 gold pieces.

Inventory:

Hand Weapons
 j - a +0 mace
 t - a +0 whip (weapon)
Missiles
 b - 179 stones (quivered)
Armour
 c - a +0 robe (worn)
 y - a +1 cloak (worn)
Jewellery
 h - a +3 amulet of reflection (around neck)
 u - an uncursed amulet of rage
Scrolls
 g - 6 scrolls of identify
 n - 6 scrolls of remove curse
 o - a scroll of recharging
 q - 2 scrolls of amnesia
 A - 2 scrolls of blinking
Potions
 a - 3 potions of agility
 k - 2 potions of cancellation
 l - a potion of lignification {unknown}
 m - 2 potions of might
 p - a potion of heal wounds
 r - a potion of berserk rage
 w - 3 potions of flight
 z - 6 potions of curing
 B - 2 potions of brilliance {unknown}
Books
 e - a book of Geomancy

   Spells                             Type                      Level
   a - Sandblast                      Earth                        1
   b - Passwall                       Transmutation/Earth          2
   c - Stone Arrow                    Conjuration/Earth            3
   d - Petrify                        Transmutation/Earth          4
   e - Lee's Rapid Deconstruction     Earth                        5
 f - a book of Maledictions

   Spells                             Type                      Level
   a - Corona                         Hexes                        1
   b - Ensorcelled Hibernation        Hexes/Ice                    2
   c - Confuse                        Hexes                        3
   d - Tukima's Dance                 Hexes                        3
   e - Dazzling Spray                 Conjuration/Hexes            3
 E - a book of Air

   Spells                             Type                      Level
   a - Shock                          Conjuration/Air              1
   b - Swiftness                      Charms/Air                   2
   c - Repel Missiles                 Charms/Air                   2
   d - Static Discharge               Conjuration/Air              3
   e - Lightning Bolt                 Conjuration/Air              5
 H - a book of Maledictions

   Spells                             Type                      Level
   a - Corona                         Hexes                        1
   b - Ensorcelled Hibernation        Hexes/Ice                    2
   c - Confuse                        Hexes                        3
   d - Tukima's Dance                 Hexes                        3
   e - Dazzling Spray                 Conjuration/Hexes            3
Comestibles
 d - 6 bread rations
 i - 2 fruits
 v - a beef jerky
 x - 3 meat rations
 C - a slice of pizza


   Skills:
 + Level 2.3 Fighting
 + Level 2.1 Maces & Flails
 + Level 1.6 Armour
 - Level 1.5 Dodging
 - Level 2.1 Stealth
 * Level 6.3 Spellcasting
 + Level 3.1 Conjurations
   Level 0.7 Transmutations
 + Level 6.1 Earth Magic
 + Level 1.4 Evocations


You had 10 spell levels left.
You knew the following spells:

 Your Spells              Type           Power        Failure   Level  Hunger
a - Sandblast             Erth           ####..       1%          1    None
b - Stone Arrow           Conj/Erth      ###...       6%          3    ##.....
c - Lee's Rapid Deconstr  Erth           ####......   28%         5    #####..


Dungeon Overview and Level Annotations

Branches:
Dungeon (5/15)             Temple (1/1) D:4

Altars:
Ashenzari
Cheibriados
Elyvilon
Fedhas
Gozag
Hepliaklqana
Kikubaaqudgha
Nemelex Xobeh
Okawaru
Qazlal
Vehumet
Xom
Zin

Annotations:
D:5 Dowan, Duvessa


Innate Abilities, Weirdness & Mutations

You are resistant to torment.
Your stone body is resilient. (AC +5)
You are immune to poison.
You resist negative energy. (rN+)
You are resistant to electric shocks. (rElec)
You can survive without breathing.
You are immune to petrification.
You are immune to rotting.
You have a pair of small antennae on your head.
You have a beak for a mouth.
You are partially covered in icy blue scales. (AC +2)


Message History

Casting: Stone Arrow
Confirm with . or Enter, or press ? or * to list all spells.
Aiming: Stone Arrow
Press: ? - help, Shift-Dir - straight line, f/p - necrophage
Aim: a necrophage (black smoke, moderately damaged, inner flame)
The stone arrow hits the necrophage.
The necrophage is almost destroyed.
The necrophage hits you.
* * * LOW HITPOINT WARNING * * *
You feel terrible. Duvessa closely misses you.
Casting: Stone Arrow
Confirm with . or Enter, or press ? or * to list all spells.
Aiming: Stone Arrow
Press: ? - help, Shift-Dir - straight line, f/p - necrophage
Aim: a necrophage (black smoke, almost destroyed, inner flame)
The stone arrow hits the necrophage.
The necrophage explodes!
The fiery explosion engulfs you!
Ouch! That really hurt!
You die...

#.# #.# #.)......#
###.######.####.###†.#######
................# #.....<...
......####.####.###.#######.
..#.#.####.####.....#
...............§..#.#
..##..###.#....§§##.#
>..#.e####.#####§##.#
...........# #@##.#
.#.#..####.# #e##.# .#.#..#
#.# #S##.. .#.#..# #e# #§#
## >#.#..# #.# #.# ......#
#.# #.# .....## #.# #.#
.##..# ##.# #e# .###.# #..#
#.#


You could see Duvessa (inner flame) and an adder (inner flame).

Vanquished Creatures
  2 sky beasts (D:5)
  An ogre (D:5)
  2 centaurs
  A big kobold (Sewer)
  A scorpion (D:4)
  A killer bee (D:5)
  A howler monkey (D:3)
  A bullfrog zombie (D:5)
  A hound (D:5)
  An orc priest (D:3)
  A bullfrog skeleton (D:5)
  An iguana (D:5)
  A worker ant (D:5)
  A hound skeleton (D:5)
  16 adders
  4 river rats (Sewer)
  A shadow imp (D:5)
  An ooze (D:3)
  A worm (D:4)
  4 leopard geckos
  2 orcs (D:3)
  5 giant cockroaches
  7 goblins
  7 hobgoblins
  9 jackals
  20 kobolds
  5 ball pythons
  8 bats
  13 frilled lizards
  A giant cockroach zombie (D:5)
  33 rats
153 creatures vanquished.

Notes
Turn   | Place    | Note
-------+----------+-------------------------------------------
     0 | D:1      | CakeIsGreat the Gargoyle Earth Elementalist began the quest for the Orb.
     0 | D:1      | Reached XP level 1. HP: 10/10 MP: 3/3
   108 | D:1      | Reached XP level 2. HP: 12/15 MP: 0/5
   795 | D:1      | Reached XP level 3. HP: 9/19 MP: 0/7
  1586 | D:2      | Reached XP level 4. HP: 19/24 MP: 0/9
  1593 | D:2      | Learned a level 3 spell: Stone Arrow
  2289 | D:3      | Reached skill level 1 in Conjurations
  2424 | D:3      | Reached XP level 5. HP: 23/28 MP: 6/11
  2431 | D:3      | Learned a level 5 spell: Lee's Rapid Deconstruction
  2853 | D:3      | Reached skill level 5 in Earth Magic
  3290 | D:3      | Gained mutation: You have a beak for a mouth. [potion of mutation]
  3290 | D:3      | Gained mutation: You have a pair of small antennae on your head. [potion of mutation]
  3290 | D:3      | Gained mutation: You are partially covered in icy blue scales. (AC +2) [potion of mutation]
  3378 | D:4      | Found a staircase to the Ecumenical Temple.
  3393 | D:4      | Reached XP level 6. HP: 32/32 MP: 10/12
  3407 | Temple   | Entered the Ecumenical Temple
  3551 | Temple   | Became a worshipper of Vehumet
  3703 | D:4      | Found a glowing drain.
  3794 | Sewer    | Entered a sewer
  3828 | Sewer    | Reached skill level 5 in Spellcasting
  4259 | Sewer    | HP: 1/32 [river rat (5)]
  4268 | Sewer    | Reached * piety under Vehumet
  4268 | Sewer    | Offered knowledge of Freeze by Vehumet.
  4389 | Sewer    | Reached XP level 7. HP: 32/36 MP: 9/15
  5186 | D:5      | Entered Level 5 of the Dungeon
  5380 | D:5      | Reached skill level 1 in Maces & Flails
  5412 | D:5      | Reached skill level 1 in Fighting
  5520 | D:5      | Reached skill level 1 in Armour
  5520 | D:5      | Reached skill level 1 in Evocations
  5638 | D:5      | Reached ** piety under Vehumet
  5638 | D:5      | Offered knowledge of Throw Frost by Vehumet.
  5776 | D:5      | Noticed Dowan
  5781 | D:5      | Noticed Duvessa
  6180 | D:5      | Reached XP level 8. HP: 44/44 MP: 9/17
  6588 | D:5      | Found a shimmering altar of Xom.
  6782 | D:5      | Killed from afar by a necrophage

Skill      XL: |  1  2  3  4  5  6  7  8 |
---------------+-------------------------+-----
Earth Magic    | 4 5 6 |  6.1
Spellcasting   | 3 4 5 6 |  6.3
Conjurations   | 1 2 3 |  3.1
Maces & Flails | 1 2 |  2.1
Fighting       | 1 2 |  2.3
Armour         | 1 |  1.6
Evocations     | 1 |  1.4
Dodging        | |  1.5
Stealth        | |  2.1
Transmutations | |  0.7

Action                   |  1- 3 |  4- 6 |  7- 9 || total
-------------------------+-------+-------+-------++-------
Melee: Unarmed           |    20 |     1 |       ||    21
       Whip              |       |    64 |   128 ||   192
       Mace              |       |    20 |       ||    20
       Peck              |       |     6 |    14 ||    20
 Cast: Sandblast         |    67 |   107 |    22 ||   196
       Stone Arrow       |       |    18 |    63 ||    81
  Use: Scroll            |       |    11 |     2 ||    13
       Potion            |       |     6 |     4 ||    10
  Eat: Chunk             |     3 |    10 |     9 ||    22
       Beef jerky        |       |       |     1 ||     1
Armor: Robe              |    24 |    62 |    82 ||   168
Dodge: Dodged            |    60 |   117 |   116 ||   293
Block: Other             |       |    21 |    17 ||    38
       Reflection        |       |       |     1 ||     1
